 Dungeon Crawl Stone Soup version 0.30.1-11-g7821555f0a (webtiles) character file.

Game seed: 4151826139295527202

3173 CrazyMind the Conjurer (level 9, -2/63 HPs)
             Began as a Demonspawn Conjurer on Nov 25, 2023.
             Was an Initiate of Gozag.
             Succumbed to kobold brigand's curare
             ... in a bailey.
             The game lasted 00:32:56 (8225 turns).

CrazyMind the Conjurer (Demonspawn Conjurer)        Turns: 8225, Time: 00:32:57

Health: -2/63      AC:  7    Str:  7    XL:     9   Next: 63%
Magic:  10/18      EV: 14    Int: 28    God:    Gozag
Gold:   457        SH:  4    Dex: 18    Spells: 14/20 levels left

rFire   . . .        k - +3 short sword (drain)
rCold   . . .        (no shield)
rNeg    . . .        a - +0 robe
rPois   .            (helmet restricted)
rElec   .            g - +0 cloak
rCorr   .            (no gloves)
SInv    .            (no boots)
Will    .....        z - amulet of regeneration
Stlth   ++++         t - +6 ring of dexterity
HPRegen 1.10/turn    (no ring)
MPRegen 0.16/turn

%: no passive effects
@: brilliant, lethally poisoned (-2 -> -26), gold aura, slowed, very slow
A: antennae 1, foul stench 1, icemail 1, big brain 2, condensation shield
a: Renounce Religion, Potion Petition, Call Merchant, Bribe Branch


You were in a bailey.
You worshipped Gozag.
Gozag was aware of your devotion.
You visited 2 branches of the dungeon, and saw 9 of its levels.
You also visited: Bailey.

You collected 604 gold pieces.
You paid 147 gold pieces to Gozag.

Inventory:

Hand Weapons
 k - a +3 short sword of draining (weapon)
 y - a +4 rapier
Missiles
 j - 14 poisoned darts
 p - 12 curare-tipped darts
 w - 6 javelins
 A - 16 boomerangs (quivered)
Armour
 a - a +0 robe (worn)
 g - a +0 cloak (worn)
Jewellery
 b - a ring of ice
 t - a +6 ring of dexterity (left hand)
 z - an amulet of regeneration (around neck)
Wands
 q - a wand of iceblast (4)
Scrolls
 c - 4 scrolls of identify
 e - 3 scrolls of enchant armour
 r - 6 scrolls of teleportation
 x - a scroll of enchant weapon
 G - a scroll of poison
Potions
 d - a potion of brilliance
 f - 2 potions of haste
 h - 3 potions of curing
 l - 2 potions of berserk rage
 m - a potion of attraction
 s - a potion of ambrosia
 D - a potion of invisibility {unknown}
 E - a potion of might {unknown}
 H - a potion of degeneration {unknown}


   Skills:
 + Level 3.0 Fighting
 + Level 4.3 Short Blades
 + Level 4.7 Dodging
 + Level 6.9 Stealth
 + Level 1.0 Shields
 * Level 6.3 Spellcasting
 * Level 7.2 Conjurations


You had 14 spell levels left.
You knew the following spells:

 Your Spells              Type           Power      Damage    Failure   Level
a - Magic Dart            Conj           100%       1d8       1%          1
b - Searing Ray           Conj           100%       2d8       1%          2
c - Dazzling Flash        Conj/Hex       86%        N/A       4%          3

Your spell library contained the following spells:

 Spells                   Type           Power      Damage    Failure   Level
 Kiss of Death            Conj/Necr      100%       2d13      1%          1
 Fulminant Prism          Conj/Hex       21%        3d12      13%         4
 Iskenderun's Mystic Bla  Conj/Tloc      43%        2d10      13%         4
 Confusing Touch          Hex            13%        N/A       17%         3
 Volatile Blastmotes      Fire/Tloc      26%        2d12      19%         3
 Anguish                  Hex/Necr       6%         N/A       50%         4
 Cause Fear               Hex            6%         N/A       50%         4
 Dispel Undead            Necr           13%        3d9       52%         4
 Starburst                Conj/Fire      21%        6d7       90%         6
 Enfeeble                 Hex            6%         N/A       100%        7


Dungeon Overview and Level Annotations

Branches:
Dungeon (8/15) Zot: 26794  Temple (1/1) D:7 Zot: 5850  Bailey (1/1) Zot: 5792
   Lair: D:8-11

Altars:
Ashenzari
Cheibriados
Dithmenos
Fedhas
Gozag
Hepliaklqana
Kikubaaqudgha
Makhleb
Nemelex Xobeh
Okawaru
Qazlal
Ru
Sif Muna
Trog
Uskayaw
Vehumet
Wu Jian
Xom
Yredelemnul

Shops:
D:6 [


Innate Abilities, Weirdness & Mutations

You have a pair of small antennae on your head.
You may rarely emit foul miasma when damaged in melee.
A meltable icy envelope protects you from harm. (AC +4)
You have an extremely huge brain. (Int +4)
A meltable shield of frost defends you. (SH +4)


Message History

You puncture the orc warrior!
You kill the orc warrior!
You feel sick.
Your Shields skill increases to level 1!
You barely miss the kobold brigand.
The kobold brigand is moderately wounded.
You feel sick.
The kobold brigand hits you but does no damage.
You closely miss the kobold brigand.
The kobold brigand is moderately wounded.
You feel sick.
The kobold brigand hits you with the +8 whip "Snakebite" {venom, curare, rPois}!
You are more poisoned.
You emit a cloud of foul miasma!
You hit the kobold brigand but do no damage.
The kobold brigand is moderately wounded.
You feel very sick.
The kobold brigand is engulfed in dark miasma.
The kobold brigand hits you with the +8 whip "Snakebite" {venom, curare, rPois}.
You are more poisoned.
You are lethally poisoned!
You have difficulty breathing.
You feel yourself slow down.
You hit the kobold brigand but do no damage.
The kobold brigand is moderately wounded.
* * * LOW HITPOINT WARNING * * *
You feel extremely sick.
The kobold brigand is engulfed in dark miasma.
The kobold brigand hits you with the +8 whip "Snakebite" {venom, curare, rPois}.
* * * LOW HITPOINT WARNING * * *
Casting: Dazzling Flash (dangerous; 4% risk of failure)
Confirm with . or Enter, or press ? or * to list all spells.
Aiming: Searing Ray (safe; 1% risk of failure)
Press: ? - help, Shift-Dir - straight line, f - kobold brigand
Aim: a kobold brigand, wielding the +8 whip "Snakebite" {venom, curare, rPois}, wearing a +6 plate armour of ponderousness and quivering poisoned darts (foul pestilence, moderately wounded, lightly drained, 85% to hit)
You feel a surge of power!
The searing ray hits the kobold brigand but does no damage.
The kobold brigand is moderately wounded. (Press . to maintain the ray.)
You die...
Your body crumbles into a pile of gold.

#####~~..K....~~##
##~..o....~##
####o..#### #...#
#.).# #...#
##'''## ##K.∩..##
#@$.....#
#...∩...#
##.....## #######


You could see a kobold brigand (drained).

Vanquished Creatures
  Grinder (D:4)
  A shadow (D:5)
  An acid dragon (D:7)
  Duvessa (D:5)
  2 ice beasts
  A black bear (D:7)
  3 sky beasts
  3 orc warriors
  A centaur (D:6)
  Blork the orc (D:6)
  A bullfrog (D:7)
  3 kobold brigands
  4 scorpions
  Dowan (D:5)
  5 wights (D:5)
  A gnoll bouda (D:7)
  2 hounds (D:6)
  3 jellies
  3 orc priests
  5 iguanas
  4 sleepcaps
  2 orc wizards (D:6)
  3 gnolls (D:7)
  5 adders
  A shadow imp (D:7)
  2 white imps
  An ufetubus (D:6)
  2 worms
  2 dart slugs
  20 orcs
  4 bats
  6 endoplasms
  8 giant cockroaches
  8 goblins
  10 hobgoblins
  5 jackals
  19 kobolds
  11 quokkas
  6 ball pythons
  4 frilled lizards
  4 rats
170 creatures vanquished.

Notes
Turn   | Place    | Note
-------+----------+-------------------------------------------
     0 | D:1      | CrazyMind the Demonspawn Conjurer began the quest for the
                  | Orb.
     0 | D:1      | Reached XP level 1. HP: 13/13 MP: 3/3
   110 | D:1      | You fall into a shaft and drop 1 floor!
   357 | D:1      | Gained mutation: You have an unusually large brain. (Int
                  | +2) [demonic ancestry]
   357 | D:1      | Reached XP level 2. HP: 19/19 MP: 3/5
   380 | D:1      | Learned a level 2 spell: Searing Ray
  1258 | D:2      | Found a faded altar of an unknown god.
  1516 | D:2      | Gained mutation: You may rarely emit foul miasma when
                  | damaged in melee. [demonic ancestry]
  1516 | D:2      | Reached XP level 3. HP: 21/25 MP: 3/6
  1551 | D:2      | Learned a level 3 spell: Dazzling Flash
  2383 | D:3      | Reached XP level 4. HP: 31/31 MP: 2/7
  2549 | D:3      | Found a stormy altar of Qazlal.
  2964 | D:3      | Reached skill level 5 in Conjurations
  3637 | D:4      | Noticed Grinder
  3668 | D:4      | HP: 1/31 [Grinder (5)]
  3676 | D:4      | Paralysed by Grinder for 2 turns
  3686 | D:4      | Killed Grinder
  3687 | D:4      | Reached skill level 1 in Fighting
  3687 | D:4      | Reached skill level 1 in Short Blades
  3687 | D:4      | Gained mutation: You have a pair of small antennae on your
                  | head. [demonic ancestry]
  3687 | D:4      | Reached XP level 5. HP: 7/37 MP: 0/9
  3687 | D:4      | Reached XP level 6. HP: 8/43 MP: 0/10
  4207 | D:4      | Found a broken altar of Ashenzari.
  4244 | D:4      | Found a shadowy altar of Dithmenos.
  4363 | D:5      | Entered Level 5 of the Dungeon
  4535 | D:5      | Gained mutation: A meltable shield of frost defends you.
                  | (SH +4) [demonic ancestry]
  4535 | D:5      | Reached XP level 7. HP: 43/48 MP: 3/12
  4704 | D:5      | Noticed a shadow
  4723 | D:5      | Killed a shadow
  5000 | D:5      | Noticed Dowan
  5216 | D:5      | Reached skill level 6 in Conjurations
  5222 | D:5      | Gained mutation: You have an extremely huge brain. (Int +4)
                  | [demonic ancestry]
  5222 | D:5      | Reached XP level 8. HP: 36/55 MP: 4/14
  5336 | D:5      | Noticed Duvessa
  5351 | D:5      | Reached skill level 5 in Stealth
  5356 | D:5      | Killed Duvessa
  5371 | D:5      | Killed Dowan
  6019 | D:6      | Found a sacrificial altar of Ru.
  6023 | D:6      | Reached skill level 5 in Spellcasting
  6325 | D:6      | Noticed Blork the orc
  6606 | D:6      | Gained mutation: A meltable icy envelope protects you from
                  | harm. (AC +4) [demonic ancestry]
  6606 | D:6      | Reached XP level 9. HP: 43/62 MP: 9/17
  6609 | D:6      | Killed Blork the orc
  6701 | D:6      | Found Xiucw's Armour Boutique.
  7561 | D:7      | Found an ancient bone altar of Kikubaaqudgha.
  7614 | D:7      | Found a staircase to the Ecumenical Temple.
  7624 | Temple   | Entered the Ecumenical Temple
  7624 | Temple   | Noticed a blizzard demon
  7625 | Temple   | Noticed Zuapian the pandemonium lord
  7625 | Temple   | Noticed Musuw the pandemonium lord
  7625 | Temple   | Noticed a cacodemon
  7626 | Temple   | Noticed a red devil
  7654 | Temple   | Noticed an Ice Fiend
  7655 | Temple   | Noticed Tedod the pandemonium lord
  7672 | Temple   | Noticed a soul eater
  7673 | Temple   | Noticed Qemy the pandemonium lord
  7674 | Temple   | Noticed a sun demon
  7686 | Temple   | Noticed Ocliull the pandemonium lord
  7698 | Temple   | Noticed a cacodemon
  7701 | Temple   | Noticed Kirureg the pandemonium lord
  7702 | Temple   | Noticed a soul eater
  7740 | Temple   | a blizzard demon changed into a soul eater
  7740 | Temple   | Noticed a soul eater
  7757 | Temple   | Became a worshipper of Gozag Ym Sagoz the Greedy
  7771 | Temple   | Noticed a sun demon
  7938 | D:8      | Reached skill level 7 in Conjurations
  7989 | D:8      | Found a flagged portal.
  8016 | Bailey   | Entered a bailey
  8221 | Bailey   | Reached skill level 1 in Shields
  8225 | Bailey   | Succumbed to kobold brigand's curare

Illustrated notes

Levels and vault maps discovered:
D:1:      lightli_arrival_windingriver, layout_rooms
D:2:      layout_loops_corners, shapermc_ecumenical_altar_starsandcircs,
          kennysheep_small_spiral, minmay_misc_feat_secret_circle,
          serial_bayou_ford_a, columned_hall_lemuel
D:3:      layout_basic, nicolae_overflow_hidden_temple
D:4:      layout_loops_ring, grunt_temple_overflow_open, portal_sewer_entry_d,
          uniq_grinder
D:5:      layout_loops_cross, uniq_duvessa
D:6:      layout_basic, nicolae_ru_great_annihilating_truth, serial_shops, shop,
          skrybe_limestone_x, uniq_blork_the_orc
D:7:      layout_loops_ring, kennysheep_little_box, temple_hall,
          serial_park_tiny_pond
D:8:      layout_basic, enter_bailey_5
Temple:   nicolae_temple_panitentiary
Bailey:   bailey_axe_3, bailey

Skill      XL: |  1  2  3  4  5  6  7  8  9 |
---------------+----------------------------+-----
Dodging        | 2 3 4 |  4.7
Stealth        | 2 3 4 5 6 |  6.9
Conjurations   | 5 6 7 |  7.2
Fighting       | 1 2 3 |  3.0
Short Blades   | 1 2 3 4 |  4.3
Spellcasting   | 3 4 5 6 |  6.3
Shields        | 1 |  1.0

Action                     |  1- 3 |  4- 6 |  7- 9 || total
---------------------------+-------+-------+-------++-------
  Melee: Unarmed           |    33 |       |       ||    33
         Dagger            |     1 |       |       ||     1
         Short sword       |    14 |    72 |    81 ||   167
         Punch             |       |     1 |     1 ||     2
  Throw: Dart              |       |       |     8 ||     8
         Boomerang         |       |       |     1 ||     1
   Cast: Magic Dart        |    26 |     3 |       ||    29
         Searing Ray       |    25 |    21 |    58 ||   104
         Dazzling Flash    |       |       |     3 ||     3
    Use: Potion            |     1 |       |     1 ||     2
         Scroll            |       |     5 |    12 ||    17
   Stab: Sleeping          |     4 |     6 |    10 ||    20
         Invisible         |       |       |     4 ||     4
 Armour: Robe              |    28 |    16 |    27 ||    71
  Dodge: Dodged            |    56 |    57 |    89 ||   202
  Block: Other             |       |       |    19 ||    19
